Cogmind - Beta 13 @@@ ROGUE MODE // 2024.04.05 @ 21:24:54 Player: GucciCucci Result: Destroyed by as-13325 with Assembled Blade Performance ------------- Evolutions (1) 500 Regions Visited (3) 600 Robots Destroyed (25) 125 Value Destroyed (582) 582 Prototype IDs (1) 20 Alien Tech Used (0) 0 Bonus (0) 0 TOTAL SCORE: 1827 Bonus ------- None Cogmind --------- Core Integrity 0/400 Matter 300/300 Energy 90/100 System Corruption 12% Temperature Cool (0) Movement Core (50) Location -9/Mines Parts ------- > --- POWER (1) -------- (None) > --- PROPULSION (2) --- (None) > --- UTILITY (4) ------ (None) > --- WEAPON (2) ------- (None) > --- INVENTORY (5) ---- Ion Engine Ion Engine Wheel Wheel Peak State ------------ > --- POWER ------------ Ion Engine > --- PROPULSION ------- Light Treads Light Treads > --- UTILITY ---------- Small Storage Unit Medium Matter Pod Structural Scanner Utility Shielding > --- WEAPON ----------- Improved Assault Rifle > --- INVENTORY -------- Ion Engine Ion Engine Wheel Wheel Wheel Hardened Light Armor Plating Small Laser Plasma Cutter [Rating: 11] Favorites ----------- Power Ion Engine Engine Ion Engine Propulsion Wheel Treads Light Treads Leg Aluminum Leg Wheel Wheel Flight Unit Flight Unit Utility Small Storage Unit Device Structural Scanner Storage Small Storage Unit Protection Utility Shielding Weapon Medium Laser Energy Gun Medium Laser Ballistic Gun Assault Rifle Launcher Grenade Launcher Special Weapon Plasma Cutter Build | -11 -10 -9 -9 ------- Run | Yrd Mat Mat Min Slots Evolved 2 | . . 2 . Power . | . . . . Propulsion . | . . . . Utility 2 | . . 2 . Weapon . | . . . . Parts Attached 49 | 17 22 9 1 Power 3 | 1 1 1 . Engine 3 | 1 1 1 . Core . | . . . . Reactor . | . . . . Propulsion 29 | 12 15 2 . Treads 10 | 3 5 2 . Leg 5 | 5 . . . Wheel 12 | 4 8 . . Hover . | . . . . Flight 2 | . 2 . . Utility 8 | 1 5 2 . Device 1 | . 1 . . Storage 6 | 1 4 1 . Processor . | . . . . Hackware . | . . . . Protection 1 | . . 1 . Artifact . | . . . . Weapon 9 | 3 1 4 1 Energy Gun 3 | 1 1 1 . Energy Cannon . | . . . . Ballistic Gun 3 | 2 . 1 . Ballistic Cannon . | . . . . Launcher 2 | . . 2 . Special Weapon 1 | . . . 1 Impact Weapon . | . . . . Slashing Weapon . | . . . . Piercing Weapon . | . . . . Special Melee Weapon . | . . . . Unidentified Prototypes 1 | . . 1 . Parts Lost 12 | . 1 2 9 Power 1 | . . . 1 Propulsion 2 | . . . 2 Utility 4 | . . . 4 Weapon 5 | . 1 2 2 Highest Loss Streak 9 | . 1 1 9 To Critical Strikes . | . . . . Average Slot Usage (%) 98 | . 99 99 72 Engine 12 | . 14 11 8 Treads 6 | . 2 14 17 Wheel 18 | . 24 7 . Device 12 | . 13 11 8 Storage 16 | . 14 22 17 Protection 3 | . . 11 8 Energy Gun 14 | . 15 13 . Ballistic Gun 8 | . 12 . 11 Launcher 1 | . . 6 . Naked Turns . | . . . . Heaviest Build 50 | 14 50 18 17 Greatest Support 40 | 20 40 40 40 Greatest Overweight (x) 4 | 2 4 . 3 Average Overweight (x) . | . . . . Largest Inventory Capacity 25 | 8 25 8 8 Average Capacity 8 | 6 8 8 7 Most Carried 9 | 6 9 8 8 Average Carried 6 | 4 7 6 7 Final Capacity 8 | 8 8 8 5 Final Carried 8 | 4 7 8 4 Class Distribution -------------------- 100% | Mutant Dominant Class ---------------- Mutant | -10/Materials Mutant | -9/Materials Mutant | -9/Mines Resources | -11 -10 -9 -9 ----------- Run | Yrd Mat Mat Min Matter Collected 853 | 180 547 126 . Remotely . | . . . . Salvage Created 716 | . 426 280 10 Parts 42 | . 25 17 . Haulers Intercepted . | . . . . Recyclers Shooed . | . . . . Parts Field Recycled . | . . . . Retrieved Matter . | . . . . Parts Self-Destructed . | . . . . Prevented . | . . . . Kills | -11 -10 -9 -9 ------- Run | Yrd Mat Mat Min Combat Hostiles Destroyed 19 | . 12 6 1 Guns 17 | . 12 4 1 AOE 1 | . . 1 . Classes Destroyed 8 | . 4 3 1 Worker 2 | . 1 1 . Recycler 1 | . . 1 . Mechanic 1 | . . 1 . Watcher 3 | . 3 . . Swarmer 8 | . 6 2 . Grunt 7 | . 6 1 . Sentry 3 | . . 3 . Assembled 1 | . . . 1 Best Kill Streak 5 | . 5 4 1 Combat Bots Only 4 | . 4 2 1 Max Kills in Single Turn 3 | . 2 3 1 Gunslinging 1 | . 1 . . Exploded 1 | . . 1 . Melee . | . . . . Uniques/NPCs Destroyed . | . . . . Combat | -11 -10 -9 -9 -------- Run | Yrd Mat Mat Min Hostile Shots Fired 196 | . 62 88 46 Missed 60 | . 15 29 16 Damage Taken 1782 | . 522 762 498 Core 563 | . 160 138 265 Absorbed by Shields . | . . . . Redirected to Shielding 40 | . . 37 3 Core Remaining (%) 68 | 100 36 . . Volleys Fired 76 | . 45 28 3 Largest 2 | . 2 2 1 Hottest 90 | . 90 70 23 Shots Fired 120 | . 86 31 3 Gun 117 | . 86 28 3 Cannon . | . . . . Launcher 3 | . . 3 . Special . | . . . . Kinetic 53 | . 41 9 3 Thermal 64 | . 45 19 . Explosive 3 | . . 3 . Electromagnetic . | . . . . Robot Hit Streak 10 | . 8 10 1 Robot Miss Streak 3 | . 3 3 1 Penetration Max . | . . . . Secondary Targets 2 | . 2 . . Max Gunslinging Chain 1 | . 1 . . Shots Hit Robots 75 | . 52 22 1 Core Hits 35 | . 23 11 1 Critical Kills . | . . . . Critical Parts Destroyed . | . . . . Critical Strikes 5 | . 2 3 . Burn 5 | . 2 3 . Melee Attacks . | . . . . Impact . | . . . . Slashing . | . . . . Piercing . | . . . . Sneak Attacks . | . . . . Combat Hostiles . | . . . . Follow-up Attacks . | . . . . Damage Inflicted 1444 | . 670 752 22 Guns 930 | . 670 243 17 Cannons . | . . . . Explosions 509 | . . 509 . Melee . | . . . . Ramming 5 | . . . 5 Kinetic 447 | . 343 87 17 Thermal 483 | . 327 156 . Explosive 509 | . . 509 . Electromagnetic . | . . . . Impact . | . . . . Slashing . | . . . . Piercing . | . . . . Highest Corruption 12 | . . 1 12 Average Corruption 1 | . . 1 2 Corruption Purged . | . . . . Corruption Blocked . | . . . . Effects 2 | . . 1 1 Matter Fused 1 | . . 1 . Parts Fused 1 | . . . 1 Overload Shots . | . . . . Overflow Damage 41 | . . 41 . Projectiles . | . . . . Explosions 41 | . . 41 . Melee . | . . . . Knockbacks . | . . . . Impact . | . . . . Kinetic . | . . . . Secondary . | . . . . Self-Inflicted Damage 109 | . . 107 2 Shots 5 | . . 5 . Rammed 2 | . . . 2 Targets Rammed 2 | . . . 2 Kicked . | . . . . Crushed . | . . . . Highest Temperature 135 | . 135 42 . Average Temperature 36 | . 40 18 . Received Heat Transfer 255 | . 144 111 . Siege Activations . | . . . . Robots Corrupted . | . . . . Combat Hostiles . | . . . . Parts Fried . | . . . . Impact Corruptions . | . . . . Robots Melted 1 | . . 1 . Combat Hostiles 1 | . . 1 . Parts Melted 7 | . 2 5 . Heat Transferred 1777 | . 1110 667 . Parts Sabotaged . | . . . . Parts Stolen . | . . . . Parts Stripped . | . . . . Power Chain Reactions . | . . . . Alert | -11 -10 -9 -9 ------- Run | Yrd Mat Mat Min Peak Influence 415 | . 264 415 112 Initial 112 | . . 82 112 Average 127 | . 86 272 101 Maximum Alert Level 2 | . 1 2 . Low Security (%) 77 | 100 91 35 100 Level 1 18 | . 8 49 . Level 2 3 | . . 14 . Level 3 . | . . . . Level 4 . | . . . . Level 5 . | . . . . High Security . | . . . . Max Security . | . . . . Squads Dispatched 5 | . 3 2 . Investigation 2 | . 2 . . Extermination . | . . . . Reinforcement 3 | . 1 2 . Assault . | . . . . Garrison . | . . . . Intercept . | . . . . Searches Triggered . | . . . . Construction Impeded . | . . . . Haulers Reinforced . | . . . . Active Scanning Responses . | . . . . Cargo Convoy Interrupts . | . . . . Stealth | -11 -10 -9 -9 --------- Run | Yrd Mat Mat Min Distress Signals 2 | . 2 . . Communications Jammed . | . . . . Distress Signals . | . . . . Times Spotted 56 | . 20 21 15 Peak Tracking Total 17 | . 3 17 15 Tactical Retreats 3 | . 2 . 1 Traps | -11 -10 -9 -9 ------- Run | Yrd Mat Mat Min Traps Triggered 3 | . 3 . . Indirectly . | . . . . Trap Hack Attempts . | . . . . Triggered . | . . . . Disarmed . | . . . . Reprogrammed . | . . . . Reused . | . . . . Traps Extracted . | . . . . Installed . | . . . . Triggered . | . . . . Machines | -11 -10 -9 -9 ---------- Run | Yrd Mat Mat Min Machines Disabled 6 | . . 6 . Max in Single Turn 4 | . . 4 . Machines Repaired . | . . . . Machines Dismantled . | . . . . Machines Sabotaged . | . . . . Overloaded Fab Kills . | . . . . Hacking | -11 -10 -9 -9 --------- Run | Yrd Mat Mat Min Machines Accessed 6 | . 4 2 . Terminals 4 | . 3 1 . Fabricators . | . . . . Repair Stations . | . . . . Recycling Units 1 | . 1 . . Scanalyzers 1 | . . 1 . Garrison Access . | . . . . Total Hacks 28 | . 19 9 . Successful 26 | . 17 9 . Failed 2 | . 2 . . Catastrophic . | . . . . Database Lockouts . | . . . . Manual 2 | . 2 . . Terminals 15 | . 12 3 . Fabricators . | . . . . Repair Stations . | . . . . Recycling Units 7 | . 7 . . Scanalyzers 6 | . . 6 . Garrison Access . | . . . . Terminal Hacks 14 | . 11 3 . Record 9 | . 9 . . Alert Level 3 | . 2 1 . Locate Traps 1 | . . 1 . Dispatch Records 1 | . . 1 . Fabricator Hacks . | . . . . Repair Station Hacks . | . . . . Recycling Unit Hacks 6 | . 6 . . Recycle Component 2 | . 2 . . Process 2 | . 2 . . Report Inventory 1 | . 1 . . Retrieve Matter 1 | . 1 . . Scanalyzer 6 | . . 6 . Insert Component 3 | . . 3 . Analyze 3 | . . 3 . Garrison Access Hacks . | . . . . Unauthorized Hacks . | . . . . Terminals . | . . . . Fabricators . | . . . . Repair Stations . | . . . . Recycling Units . | . . . . Scanalyzers . | . . . . Garrison Access . | . . . . Data Cores Recovered . | . . . . Used . | . . . . Hacking Detections 6 | . 4 2 . Full Trace Events 4 | . 2 2 . Feedback Events 1 | . . 1 . Corruption 1 | . . 1 . Feedback Blocked . | . . . . Robot Schematics Acquired . | . . . . Robots Built . | . . . . Authchips . | . . . . Time . | . . . . Total Robot Build Rating . | . . . . Part Schematics Acquired 3 | . . 3 . Parts Built . | . . . . Authchips . | . . . . Time . | . . . . Total Part Build Rating . | . . . . Parts Repaired . | . . . . Time . | . . . . Parts Recycled 2 | . 2 . . Recycled Matter 24 | . 24 . . Retrieved Matter 24 | . 24 . . Retrieved Components . | . . . . Parts Scanalyzed 3 | . . 3 . Part Schematics Acquired 3 | . . 3 . Parts Damaged . | . . . . Bothacking | -11 -10 -9 -9 ------------ Run | Yrd Mat Mat Min Used RIF Installer . | . . . . Robots Hacked . | . . . . Non-combat . | . . . . Combat . | . . . . Robot Hacks Applied . | . . . . Relay Couplers Released . | . . . . Fabnet Peak Effective % . | . . . . Robots Rewired . | . . . . Allies Hacked . | . . . . Hacks Repelled . | . . . . Allies | -11 -10 -9 -9 -------- Run | Yrd Mat Mat Min Total Allies . | . . . . Largest Group . | . . . . Highest-Rated Group . | . . . . Highest-Rated Ally . | . . . . Total Orders . | . . . . Ally Attacks . | . . . . Total Damage . | . . . . Kills . | . . . . Allies Corrupted . | . . . . Allies Melted . | . . . . Intel | -11 -10 -9 -9 ------- Run | Yrd Mat Mat Min Robot Analysis Total . | . . . . Derelict Logs Recovered . | . . . . Drone Launches . | . . . . Drone Recoveries . | . . . . Exploration | -11 -10 -9 -9 ------------- Run | Yrd Mat Mat Min Turns Passed 1681 | 160 1027 443 51 Spaces Moved 1469 | 133 999 311 26 Core 53 | 50 2 . 1 Treads 201 | . 25 151 25 Legs 6 | 6 . . . Wheels 1208 | 77 971 160 . Hover . | . . . . Flight 1 | . 1 . . Fastest Speed 50 | 50 80 80 160 Average Speed 93 | 94 84 118 161 Slowest Speed 280 | 150 280 160 200 Overloaded Moves . | . . . . Propulsion Burnouts . | . . . . Robots Hopped . | . . . . Cave-ins Triggered . | . . . . Exploration Rate (%) 29 | 5 73 27 12 Regions Visited 3 Branch Regions 1 Pre-discovered Areas . | . . . . Known Exits Taken . | . . . . Unknown Exits Taken 3 | 1 1 1 . Scrap Searched . | . . . . Spaces Dug . | . . . . Terrain Destroyed 68 | . . 68 . Melee . | . . . . Projectile . | . . . . AOE 68 | . . 68 . Terrain Rammed . | . . . . Walls Destroyed . | . . . . Machines Disabled . | . . . . Actions | -11 -10 -9 -9 --------- Run | Yrd Mat Mat Min Total 1640 | 161 1096 351 32 Wait 4 | 1 3 . . Move 1466 | 132 998 310 26 Hop . | . . . . Pick Up 25 | 8 13 4 . Fast Attach 6 | 3 3 . . Attach 9 | 4 1 3 1 Detach 3 | 1 2 . . Swap 34 | 10 18 6 . Drop 15 | 2 13 . . Fire 76 | . 45 28 3 Melee . | . . . . Ram 2 | . . . 2 Kick . | . . . . Crush . | . . . . Escape Stasis . | . . . . Rewire . | . . . . Trap . | . . . . Miscellaneous . | . . . . Route ------- -11/Scrapyard -10/Materials (discovered 2 exits: *Mat / [*Min]) -9/Materials -9/Mines (discovered 1 exit: [*Zio]) History --------- Turn | Location | Event 17 | -11/Scrapyard | Discovered new exit (range 16) 161 | -11/Scrapyard | Entered Materials 314 | -10/Materials | Build established: Mutant 501 | -10/Materials | Discovered new exit (range 14) 832 | -10/Materials | Discovered new exit (range 12) 875 | -10/Materials | Core integrity fell below 50% 1188 | -10/Materials | Entered another Materials area 1188 | -9/Materials | Evolved 2 slots: Utility x2 1597 | -9/Materials | Discovered new exit (range 7) 1631 | -9/Materials | Entered Mines 1645 | -9/Mines | A Derelict revealed a hidden shortcut to a safe place 1647 | -9/Mines | Assembled infested the area 1652 | -9/Mines | Assisted by a Guerilla fighting off Assembled 1676 | -9/Mines | Core integrity fell below 50% 1676 | -9/Mines | System corruption reached 10% 1681 | -9/Mines | Core integrity fell below 20% 1682 | -9/Mines | Destroyed by as-13325 with Assembled Blade Last Messages --------------- 01672_ System corrupted by crushing effect (+4). 01672_ System corrupted by crushing effect (+3). 01672_ System corrupted by crushing effect (+1). 01673_ as-58977 destroyed. 01675_ System corrupted: Lgt. Treads fused. 01675_ Lgt. Treads destroyed. 01675_ Utility Shielding destroyed. 01675_ System corrupted by crushing effect (+2). 01675_ System corrupted by crushing effect (+1). 01675_ Knocked back. [Achievement: System Compromised] 01676_ Med. Matter Pod destroyed. 01677_ Sml. Storage Unit destroyed. 01677_ as-99243 destroyed. 01677_ Knocked back. 01679_ Slammed into as-13325. 01681_ Plasma Cutter destroyed. 01681_ Slammed into as-23463. 01681_ Destabilizing: Core damaged (-20). 01682_ Imp. Assault Rifle destroyed. Map ----- +----------------------------------------------------+ | ?????????????????????????????????????????????????? | | ?????????????????????????????????????????????????? | | ?????????????????????????????????????????????????? | | ?????????????????????????????????????????????????? | | ?????????????????????????????????????????????????? | | ?????????????????????????????????????????????????? | | ?????????????????####????????????????????????????? | | ?????????????????#####???????????????????????????? | | ????????????????? ##???????????????????????????? | | ?????????????????## ##???????????????????????????? | | ?????????????????## ##???????????????????????????? | | ?????????????????## ####?????????????????????????? | | ?????????????????## #####????????????????????????? | | ??????????????##### ###????????????????????????? | | ??????????????##### ##????????????????????????? | | ??????????????## ##????????????????????????? | | ??????????????## ##????????????????????????? | | ??????????????## ## ##????????????????????????? | | ??????????????## ## ###????????????????????????? | | ?????????????? ## #####????????????????????????? | | ?????????????????## ####??????????????? #???????? | | ??????????????##### #######?????????? ##???????? | | ?????????????###### ############ ? ###??????? | | ?????????????### ; ## ####### ##??????? | | ?????????????## a aa #??????? | | ?????????????## @[%$$ ??????? | | ?????????????### a aa###### ??????? | | ?????????????### a > ###### ???????????????? | | ???????????#### a %% ###????????????????????? | | ???????????##; %aa%% ###?????????????????????? | | ???????????## a % ####?????????????????????? | | ????????? ## ######??????????????????????? | | ???????? ########## #### ???????????????????????? | | ??????? ?########### ##??????????????????????????? | | ?????????????????? ##??????????????????????????? | | ??????????????????? ##??????????????????????????? | | ?????????????????? ??????????????????????????? | | ?????????????????? ???????????????????????????? | | ????????????????? ???????????????????????????? | | ?????????????????# ???????????????????????????? | | ?????????????????## ???????????????????????????? | | ?????????????????### ???????????????????????????? | | ??????????????????## ???????????????????????????? | | ?????????????????????????????????????????????????? | | ?????????????????????????????????????????????????? | | ?????????????????????????????????????????????????? | | ?????????????????????????????????????????????????? | | ?????????????????????????????????????????????????? | | ?????????????????????????????????????????????????? | | ?????????????????????????????????????????????????? | +----------------------------------------------------+ Best States ------------- Heat Dissipation 28 Energy Generation 10 Energy Capacity 250 Matter Stores 351 Matter Capacity 400 Sight Range 16 Terrain Scan Density 10 Utility Shielding 33 Evasion (%) 44 Recoil Reduction 2 Item Schematics ----------------- Grenade Launcher | -9/Materials | Scanalyzed Ion Engine | -9/Materials | Scanalyzed Lgt. Treads | -9/Materials | Scanalyzed Robot Schematics ------------------ None Fabricated ------------ Nothing Alien Tech Used ----------------- None Achievements -------------- System Compromised Challenges ------------ None Game ------ Seed ExplosiveShieldFlakker Manual? 0 Play Time 01:20:59 Cumulative 5.5 hours Start 2024.04.04 @ 23:24:26 End 2024.04.05 @ 21:24:54 Sessions 2 Manual Loads 0 Difficulty Rogue Special Mode None Game No. 4 Rogue 3 Adventurer 0 Explorer 1 Win Type - Total 0 Types 0/0/0/0/0/0/0/0/0 Lore% 14 Gallery% 10 Achievement% 10 Wizard Run 0 Options --------- Layout 1 ASCII 0 Keyboard 1 Movement Arrows Keybinds 0 Fullscreen 1 Font 24/Tamsyn Map View 50x35 Zoom Use 0% Tactical HUD 1 Map Filters NONE Filters NONE Steam 1 RUN: df4f0a1e-2640-4269-8ef4-13157e15f5a0